 Dungeon Crawl Stone Soup version 0.26.1-11-gd32895ea62 (webtiles) character file.

Game seed: 2758920459068211384

107 Arcadio the Sneak (level 4, 0/29 HPs)
             Began as an Octopode Brigand on May 22, 2021.
             Was an Initiate of Dithmenos.
             Slain by a ball python (2 damage)
             ... on level 3 of the Dungeon.
             The game lasted 00:03:30 (2517 turns).

Arcadio the Sneak (Octopode Brigand)                Turns: 2517, Time: 00:03:30

Health: 0/29       AC:  1    Str: 10    XL:     4   Next: 85%
Magic:  4/4        EV: 10    Int: 13    God:    Dithmenos [......]
Gold:   113        SH:  0    Dex: 14    Spells: 3/3 levels left

rFire    . . .     SeeInvis .   a - +3 dagger
rCold    . . .     Faith    .   (no shield)
rNeg     . . .     Spirit   .   (helmet restricted)
rPois    .         Reflect  .   (no amulet)
rElec    .         Harm     .   (no ring)
rCorr    .         Rampage  .   (no ring)
Will     .....                  (no ring)
Stlth    ++++......             (no ring)
HPRegen  0.09/turn              (no ring)
MPRegen  0.09/turn              (no ring)
                                (no ring)
                                (no ring)

@: lethally poisoned (0 -> -29), constricted
A: almost no armour, stealthy swim, amphibious, 8 rings, constrict 8, camouflage
1, gelatinous body 1
a: Renounce Religion


You were on level 3 of the Dungeon.
You worshipped Dithmenos.
Dithmenos was noncommittal.
You visited 1 branch of the dungeon, and saw 3 of its levels.

You collected 113 gold pieces.

Inventory:

Hand Weapons
 a - a +3 dagger (weapon)
Missiles
 b - 9 poisoned darts (quivered)
 c - 2 curare-tipped darts
Scrolls
 d - 2 scrolls of magic mapping {unknown}
 e - a scroll of enchant weapon
 h - 2 scrolls of amnesia {unknown}
 i - 4 scrolls of teleportation {unknown}
 k - 2 scrolls of remove curse
 q - a scroll of fog {unknown}
Potions
 f - a potion of might {unknown}
 g - 3 potions of curing
 j - 2 potions of degeneration {unknown}
 l - 3 potions of flight
 m - a potion of lignification {unknown}
 n - a potion of heal wounds {unknown}
 o - a potion of resistance {unknown}
 p - a potion of haste {unknown}


   Skills:
 - Level 2.0 Fighting
 + Level 3.7 Short Blades
 - Level 2.0 Throwing
 - Level 1.0 Dodging
 + Level 7.0 Stealth


You had 3 spell levels left.
You didn't know any spells.
Your spell library was empty.

Dungeon Overview and Level Annotations

Branches:
Dungeon (3/15)

Altars:
Dithmenos
Elyvilon
Ru


Innate Abilities, Weirdness & Mutations

You cannot wear most types of armour.
You are very stealthy in the water. (Stealth+)
You are amphibious.
You can wear up to eight rings at the same time.
You can use your tentacles to constrict eight enemies at once.
Your skin changes colour to match your surroundings (Stealth+).
Your rubbery body absorbs attacks. (AC +1, EV +1)


Message History

Your Stealth skill increases to level 7!
You closely miss the rat. Your grab misses the rat.
You feel sick. The ball python bites you. The ball python constricts you.
The kobold throws a poisoned dart.
The poisoned dart misses you. The rat bites you.
You closely miss the rat. You grab the rat. You constrict the rat.
* * * LOW HITPOINT WARNING * * *
You feel sick. The ball python bites you.
* * * LOW HITPOINT WARNING * * *
x2 The ball python constricts you.
You completely miss the rat. You squeeze the rat, but do no damage.
The rat is moderately wounded.
You constrict the rat.
* * * LOW HITPOINT WARNING * * *
You feel sick.
The kobold throws a poisoned dart.
The poisoned dart hits you!
You are more poisoned.
The rat bites you.
* * * LOW HITPOINT WARNING * * *
The ball python bites you.
You die...

#( ...... #.)# .. #.
.. ...... .... # #.##
#. ... ..... #..# .#
#.#.P #. .#..#...#
#..##.# #.#.b #.
....#...# ##K....#
#.#...#. ........
......# # #.#...#.
###.#...#####...#...#
#.#.P.#.
............r@<...#
#. ##.....##.#S...#.#
## ###.?.##.#....# #
#....S##.#....# #
#.#.#.##.#.(..# #
###............... #
'.......##.##.#.##. #
####....##.####.# #
#...###.### ####


You could see a ball python, a kobold and a rat.

Vanquished Creatures
  Robin (D:3)
  3 adders
  2 leopard geckos
  6 orcs (D:3)
  A ball python (D:2)
  7 bats
  3 giant cockroaches
  10 goblins
  9 hobgoblins
  2 jackals (D:2)
  A quokka (D:2)
  6 frilled lizards
  2 kobolds
  3 rats
56 creatures vanquished.

Notes
Turn   | Place    | Note
-------+----------+-------------------------------------------
     0 | D:1      | Arcadio the Octopode Brigand began the quest for the Orb.
     0 | D:1      | Reached XP level 1. HP: 14/14 MP: 1/1
   164 | D:1      | Reached XP level 2. HP: 19/19 MP: 2/2
   569 | D:1      | Reached skill level 6 in Stealth
   656 | D:1      | Reached XP level 3. HP: 24/24 MP: 3/3
  1102 | D:2      | Found a sacrificial altar of Ru.
  1125 | D:2      | Found a shadowy altar of Dithmenos.
  1134 | D:2      | Became a worshipper of Dithmenos the Shadowed
  1284 | D:2      | Found a white marble altar of Elyvilon.
  1498 | D:2      | Reached XP level 4. HP: 29/29 MP: 4/4
  2295 | D:3      | Noticed Robin
  2311 | D:3      | Killed Robin
  2515 | D:3      | Reached skill level 7 in Stealth
  2517 | D:3      | Slain by a ball python

Illustrated notes

Levels and vault maps discovered:
D:1:      dpeg_arrival_rooms_a, layout_loops_ring, minivault_25,
          hangedman_decor_growths, corexii_leaking_fountain
D:2:      layout_basic, elyvilon_altar_4, nicolae_overflow_hidden_temple,
          lemuel_crystal_altar, nicolae_ru_sacrificial_ziggurat
D:3:      layout_basic, serial_aquarium, aquarium_bridge_straight
          [aquarium_subvault_bridge, aquarium_subvault_balcony,
          aquarium_subvault_bridge, aquarium_subvault_window],
          aquarium_window_corridor_1, aquarium_window_1, aquarium_window_fake,
          aquarium_view_2d, aquarium_view_2d, chequers_ecumenical_altar_twisty,
          uniq_robin

Skill      XL: |  1  2  3  4 |
---------------+-------------+-----
Stealth        | 6 7 |  7.0
Short Blades   | 3 |  3.7
Fighting       | |  2.0
Throwing       | |  2.0
Dodging        | |  1.0

Action                   |  1- 3 |  4- 6 || total
-------------------------+-------+-------++-------
Melee: Dagger            |    57 |    54 ||   111
       Constrict         |    12 |    13 ||    25
       Tentacles         |     8 |     8 ||    16
  Use: Scroll            |     3 |     2 ||     5
 Stab: Sleeping          |    13 |     3 ||    16
Armor: Skin              |     3 |     4 ||     7
Dodge: Dodged            |    22 |    40 ||    62
